Map: Cyber Forest LE

Players

lIlIlIlIlIlI (Strange)

  • Race: Protoss Protoss
  • League: Grandmaster
  • Spawn Location: 5:00

demuLarva - Winner!

  • Race: Terran Terran
  • League: Grandmaster
  • Spawn Location: 11:00

VOD

Have the link to the VOD?

Description

Time

  • Played on: March 22, 2019, 9:09 a.m.
  • Length: 10:15
Show
View Real Time Build Order
Export as new Build Order

lIlIlIlIlIlI Protoss 

Build Orders: 1 Gate Expand, Blink Stalkers 

Get SALT Encoding   

  12  0:00  Probe  
  13  0:12  Probe  
  14  0:17  Pylon  
  14  0:23  Probe  
  15  0:31  Probe  
  16  0:37  Gateway  
  16  0:39  Probe  
  16  0:47  Assimilator  
  17  0:51  Probe  
  18  1:03  Probe  
  19  1:15  Probe  
  20  1:23  Nexus  
  20  1:32  Cybernetics Core  
  20  1:35  Probe  
  21  1:40  Assimilator  
  21  1:47  Probe  
  21  1:51  Pylon  
  22  1:59  Probe, Stalker  
  23  2:09  Warp Gate  
  23  2:11  Probe  
  26  2:22  Twilight Council  
  26  2:23  Probe  
  26  2:32  Stalker  
  26  2:34  Probe  
  26  2:35  Probe  
  28  2:41  Blink  
  28  2:42  Probe  
  28  2:43  Probe  
  32  2:51  Probe  
  32  2:52  Probe  
  34  3:03  Probe  
  35  3:06  Probe  
  35  3:11  Stalker  
  38  3:16  Probe  
  38  3:18  Probe  
  40  3:28  Gateway  
  40  3:29  Gateway  
  40  3:31  Probe x2  
  42  3:40  Robotics Facility  
  42  3:43  Probe  
  42  3:44  Probe  
  44  3:52  Pylon  
  44  3:53  Assimilator  
  44  3:55  Probe  
  45  3:56  Probe  
  46  4:06  Pylon  
  48  4:10  Probe  
  47  4:21  Observer  
  47  4:23  Stalker x2  
  47  4:24  Stalker, Pylon  
  54  4:34  Gateway  
  54  4:37  Gateway x2  
  54  4:39  Warp Prism  
  56  4:51  Pylon  
  56  4:57  Stalker x3  
  61  5:00  Probe  
  61  5:06  Observer, Pylon  
  62  5:13  Pylon  
  62  5:19  Observer  
  62  5:20  Stalker  
  62  5:21  Stalker x2  
  69  5:33  Observer  
  69  5:43  Stalker x4  
  69  5:44  Stalker x2  
  69  5:46  Observer  
  65  6:09  Stalker x5  
  65  6:10  Zealot  
  77  6:29  Observer  
  69  6:34  Probe x2  
  69  6:35  Assimilator  
  71  6:44  Stalker x5  
  71  6:46  Probe x2  
  83  6:48  Stalker  
  85  6:58  Probe  
  85  6:59  Probe  
  87  7:04  Dark Shrine  
  87  7:10  Probe  
  88  7:20  Nexus  
  88  7:29  Stalker x4  
  94  7:35  Stalker x2  
  61  7:57  Pylon  
  40  8:07  Stalker x3  
  33  8:37  Gateway, Dark Shrine  
  33  8:40  Observer  
  33  8:54  Pylon  
  33  9:30  Probe  
Show
View Real Time Build Order
Export as new Build Order

demuLarva Terran - Winner!

Build Orders:  

Get SALT Encoding   

  12  0:00  SCV  
  13  0:12  SCV  
  14  0:17  Supply Depot  
  14  0:25  SCV  
  15  0:38  SCV  
  15  0:40  Barracks  
  16  0:44  Refinery  
  16  0:50  SCV  
  17  1:03  SCV  
  18  1:15  SCV  
  19  1:27  SCV  
  19  1:28  Reaper  
  21  1:35  Command Center  
  21  1:44  Orbital Command  
  21  1:54  Supply Depot  
  21  2:00  Marine  
  22  2:06  Factory  
  22  2:10  SCV  
  22  2:14  Refinery  
  23  2:22  Barracks Reactor, SCV  
  24  2:34  SCV  
  25  2:46  SCV  
  25  2:50  Starport  
  26  2:54  Orbital Command  
  26  2:55  Widow Mine  
  26  2:58  SCV, Marine x2  
  31  3:10  SCV  
  32  3:16  Marine x2, Supply Depot  
  32  3:19  Factory Tech Lab  
  34  3:22  SCV  
  34  3:25  SCV  
  36  3:30  Starport Tech Lab, Barracks  
  36  3:35  SCV  
  36  3:38  Siege Tank, SCV  
  36  3:41  Marine  
  42  3:42  Marine  
  42  3:47  SCV  
  44  3:50  SCV  
  44  3:59  SCV  
  44  4:01  Barracks  
  44  4:02  Supply Depot, Marine x2  
  47  4:07  Supply Depot  
  47  4:08  SCV  
  48  4:13  Siege Tank  
  48  4:15  SCV  
  52  4:17  Starport Reactor  
  52  4:20  Marine  
  52  4:22  Engineering Bay  
  53  4:24  SCV  
  53  4:27  SCV  
  53  4:30  Stimpack  
  55  4:32  Marine x2  
  55  4:36  SCV  
  58  4:38  Refinery  
  58  4:39  SCV  
  58  4:41  Refinery  
  59  4:49  SCV  
  60  4:53  Terran Infantry Weapons Level 1  
  60  4:54  Factory Reactor, Marine  
  60  4:56  Marine x2  
  60  4:57  Marine  
  60  4:58  SCV  
  65  5:01  SCV  
  65  5:05  Combat Shield  
  64  5:10  SCV  
  64  5:11  Supply Depot  
  64  5:13  SCV, Supply Depot  
  66  5:14  Marauder  
  66  5:16  Marine  
  66  5:18  Marine  
  70  5:22  Supply Depot  
  70  5:32  Marauder, SCV, Supply Depot  
  70  5:34  SCV  
  74  5:37  Marauder, Marine x2  
  74  5:39  Medivac  
  74  5:40  Medivac  
  74  5:41  Widow Mine  
  84  5:44  Widow Mine  
  84  5:46  Supply Depot  
  86  5:55  Marine x2  
  85  5:58  Marauder x2  
  85  6:03  Supply Depot  
  85  6:04  Widow Mine  
  85  6:09  Medivac  
  89  6:11  Medivac  
  89  6:12  Supply Depot  
  89  6:13  Marine x2  
  91  6:22  Supply Depot  
  91  6:24  Marauder x2, Concussive Shells  
  87  6:29  SCV  
  87  6:30  Marine  
  87  6:31  Marine  
  84  6:36  Widow Mine x2  
  84  6:37  SCV  
  89  6:45  Marauder x2  
  93  6:48  Marine  
  93  6:49  Marine  
  93  6:50  SCV x2  
  93  6:53  Terran Infantry Armor Level 1  
  97  7:01  Medivac  
  99  7:02  Widow Mine x2  
  99  7:06  SCV x2  
  105  7:12  Marine x2  
  105  7:13  Marauder, Marine  
  110  7:19  Medivac  
  112  7:23  Supply Depot  
  112  7:25  Widow Mine x2  
  113  7:30  Marine  
  113  7:31  Marauder  
  113  7:34  Marauder  
  86  7:48  Marine  
Tags
 
Add a new tag
Caveats
  • Supply blocks, unpowered buildings, or Contaminate may cause inaccurate times.
  • Supply counts are checked every 10 seconds.